AoeStats
← Dodô Pressão

Arabia

504619644Analyzed
2v2 RM · 28d ago on Sep 6, 2026· 52m 23s· 4 players
Game mode
Random Map
Map size
Medium (4 player)
Population
200
Speed
Normal
Resources
Standard
Victory
Conquest
Starting age
Dark Age
Ending age
Imperial Age
RankedLock teamsTeams togetherTeam positionsShared explorationLock speedFull tech treeHidden civsTurbo modeCheats
Victory
Defeat
🇺🇸 Aztecs · United States
697
+5
🇧🇷 Tatars · Brazil
545
+10
🇧🇷 Franks · Brazil
424
-8
409
-7
Dodô Pressão
11:58 Feudal Age
13:25 Wheelbarrow
17:53 Castle Age
17:11 Gold Mining
17:12 Stone Mining
17:12 Double-Bit Axe
19:02 Wheelbarrow
19:00 Bow Saw
20:02 Bow Saw
26:31 Horse Collar
29:06 Hand Cart
28:54 Heavy Plow
33:52 Silk Armor
34:01 Silk Armor
34:23 Forging
34:18 Scale Barding Armor
35:47 Husbandry
38:42 Imperial Age
38:17 Caravan
38:48 Coinage
42:12 Banking
41:54 Guilds
42:10 Elite Steppe Lancer
44:47 Crop Rotation
47:02 Gold Shaft Mining
45:53 Elite Keshik
47:08 Capped Ram
48:43 Siege Ram
Tiger Eyes
0:29 Loom
10:52 Feudal Age
12:12 Double-Bit Axe
15:42 Horse Collar
21:24 Castle Age
20:23 Forging
20:13 Scale Mail Armor
20:53 Fletching
23:05 Bow Saw
24:27 Man-at-Arms
28:41 Heavy Plow
31:08 Wheelbarrow
30:07 Pikeman
30:49 Squires
30:10 Elite Skirmisher
30:11 Crossbowman
30:52 Long Swordsman
38:25 Imperial Age
36:40 Hand Cart
38:16 Iron Casting
37:41 Scale Mail Armor
37:36 Bodkin Arrow
37:41 Padded Archer Armor
38:45 Capped Ram
40:02 Conscription
40:12 Two-Handed Swordsman
41:16 Champion
41:20 Arbalester
41:25 Eagle Warrior
43:07 Elite Eagle Warrior
45:16 Bracer
45:31 Leather Archer Armor
46:16 Blast Furnace
45:32 Chain Mail Armor
46:44 Ballistics
47:24 Chemistry
46:31 Siege Engineers
47:07 Caravan
49:39 Town Watch
JOAO GALO MATADOR DE GENTE
11:13 Feudal Age
10:01 Loom
12:17 Double-Bit Axe
13:26 Horse Collar
22:14 Castle Age
20:52 Wheelbarrow
21:41 Gold Mining
24:08 Padded Archer Armor
24:00 Fletching
25:57 Hand Cart
26:39 Stone Mining
27:24 Gold Shaft Mining
27:38 Bow Saw
27:21 Town Watch
29:01 Crossbowman
30:25 Town Patrol
34:15 Leather Archer Armor
36:57 Bodkin Arrow
37:16 Forging
37:07 Scale Mail Armor
37:13 Scale Barding Armor
38:21 Caravan
42:35 Imperial Age
42:42 Husbandry
A K A LITTLE DADDY
11:29 Feudal Age
11:12 Loom
12:08 Double-Bit Axe
13:00 Wheelbarrow
22:34 Castle Age
21:49 Scale Mail Armor
21:55 Scale Barding Armor
22:01 Forging
22:09 Forging
22:30 Gold Mining
22:30 Stone Mining
23:51 Gold Shaft Mining
23:39 Bow Saw
24:29 Husbandry
23:51 Light Cavalry
24:50 Pikeman
28:15 Hand Cart
32:36 Squires
36:32 Imperial Age
36:25 Masonry
36:10 Murder Holes
36:26 Fortified Wall
36:08 Guard Tower
37:43 Caravan
38:13 Coinage
38:23 Coinage
37:26 Cavalier
39:02 Elite Throwing Axeman
40:19 Halberdier
41:58 Paladin
46:31 Architecture
46:06 Siege Engineers
46:22 Ballistics
47:04 Chemistry
48:45 Chain Mail Armor
48:51 Chain Barding Armor
49:06 Iron Casting
50:50 Plate Mail Armor
Connection lost

Rejoining the realm…

Still unreachable

The connection could not be restored.

Session expired

The server has moved on; the page needs a fresh start.